 Dungeon Crawl Stone Soup version bcrawl-1.31.3 (webtiles) character file.

Game seed: 15226142310715487609

322003 KristoblXynda the Carver (level 10, -5/93 HPs)
             Began as a Grey Draconian Gladiator on May 14, 2021.
             Was an Initiate of Ashenzari.
             Killed by divine providence
             ... invoked by an orc priest
              (11 damage)
             ... on level 8 of the Dungeon.
             The game lasted 00:18:05 (9503 turns).

KristoblXynda the Carver (Grey Draconian Gladiator) Turns: 9503, Time: 00:18:06

Health: -5/93      AC: 15    Str: 17    XL:     10   Next: 85%
Magic:  10/10      EV: 16    Int: 12    God:    Ashenzari [......]
Gold:   468        SH:  2    Dex: 12    Spells: 6/9 levels left

rFire    + . .     SeeInvis .   v - +4 scimitar (curse)
rCold    + . .     Gourm    +   (no shield)
rNeg     . . .     Faith    .   (armour unavailable)
rPois    .         Spirit   .   b - +2 hat
rElec    +         Reflect  .   f - +0 cloak
rCorr    .         Harm     .   (no gloves)
MR       .....                  (no boots)
Stlth    +.........             A - amulet of the gourmand
HPRegen  0.25/turn              a - ring of insulation
MPRegen  0.12/turn              z - ring of Segh {rF+ rC+} (curse)

@: no status effects
A: walk through water, unfitting armour, unbreathing, cold-blooded, AC +12
a: Curse Item, Renounce Religion


You were on level 8 of the Dungeon.
You worshipped Ashenzari.
Ashenzari was noncommittal.
You were completely stuffed.

You visited 2 branches of the dungeon, and saw 9 of its levels.
You also visited: Sewer.

You collected 622 gold pieces.
You spent 154 gold pieces at shops.

Inventory:

Hand Weapons
 v - a cursed +4 scimitar (weapon)
Missiles
 c - 3 throwing nets {=f}
Armour
 b - a +2 hat (worn)
 f - a +0 cloak (worn)
Jewellery
 a - a ring of insulation (left hand)
 m - a cursed ring of protection from cold
 z - the cursed ring of Segh (right hand) {rF+ rC+}
   (You found it on level 7 of the Dungeon)

   [ring of protection from fire]

   It protects you from fire.
   It protects you from cold.
   It has a curse placed upon it.
 A - an amulet of the gourmand (around neck)
Wands
 p - a wand of paralysis (9)
Scrolls
 g - 5 scrolls of remove curse
 k - a scroll of enchant weapon
 l - 2 scrolls of enchant armour
 o - 2 scrolls of magic mapping
 y - 2 scrolls of immolation
Potions
 d - 2 potions of magic
 h - a potion of resistance {unknown}
 i - 3 potions of berserk rage
 j - 2 potions of might
 n - 9 potions of curing
 q - a potion of ambrosia
 r - 3 potions of brilliance
 s - 2 potions of cancellation {unknown}
 t - a potion of flight
 u - 2 potions of agility {unknown}
 w - a potion of invisibility {unknown}
 x - 2 potions of heal wounds
Comestibles
 e - 13 rations {!d}
 B - 8 chunks of flesh


   Skills:
 + Level 9.8 Fighting
 + Level 11.1 Long Blades
 - Level 2.0 Throwing
 + Level 8.2 Dodging
 + Level 4.5 Conjurations


You had 6 spell levels left.
You knew the following spells:

 Your Spells              Type           Power        Failure   Level  Hunger
a - Mephitic Cloud        Conj/Pois/Air  #.......     47%         3    #####..

Your spell library contained the following spells:

 Spells                   Type           Power        Failure   Level  Hunger
 Magic Dart               Conj           ##..         4%          1    None
 Summon Small Mammal      Summ           #...         32%         1    None
 Conjure Flame            Conj/Fire      #.......     36%         3    #####..
 Blink                    Tloc           N/A          45%         2    ####...
 Call Imp                 Summ           #.....       45%         2    ####...
 Call Canine Familiar     Summ           #.......     69%         3    #####..
 Spider Form              Tmut/Pois      #..          69%         3    #####..
 Summon Ice Beast         Ice/Summ       #.......     97%         4    ######.
 Summon Lightning Spire   Summ/Air       #.......     100%        5    #######


Dungeon Overview and Level Annotations

Branches:
Dungeon (8/12)             Temple (1/1) D:7            Lair (0/6) D:7
    Orc (0/1) D:8

Altars:
Ashenzari
Cheibriados
Dithmenos
Elyvilon
Gozag
Kikubaaqudgha
Lugonu
Makhleb
Nemelex Xobeh
Okawaru
Qazlal
Ru
Sif Muna
Trog
Uskayaw
Vehumet
Wu Jian
Xom
Yredelemnul
Zin
The Shining One

Shops:
D:5 *   D:6 [

Annotations:
D:8 1 runed door


Innate Abilities, Weirdness & Mutations

You can walk through water.
Your dull iron-grey scales are very hard. (AC +12)
You cannot fit into any form of body armour.
You can survive without breathing.
You are cold-blooded and may be slowed by cold attacks.


Message History

The orc priest invokes the aid of Beogh against you.
Beogh smites you!
* * * LOW HITPOINT WARNING * * *
You slash the orc priest!
You kill the orc priest!
The orc priest invokes the aid of Beogh against you.
Beogh smites you!
* * * LOW HITPOINT WARNING * * *
You hit the orc priest.
You tail-slap the orc priest, but do no damage.
The orc priest is moderately wounded.
The orc priest hits you but does no damage.
You hit the orc priest. You tail-slap the orc priest.
The orc priest is heavily wounded.
You hit the orc priest but do no damage.
You tail-slap the orc priest, but do no damage.
The orc priest is heavily wounded.
The orc priest invokes the aid of Beogh against you.
Beogh smites you!
You die...

....#.......#
....####..###
.#..#....... #
.#..#.##..###### .#
....#.##..# .. ..#
....#.##..###.## ##'####
#...#.##....... .......
..>.#.##.##..####o.8..##
##..............@)|.....
...#######.....#.)..####
.........รท.)...#...##
...#...###.....#...#
...#...# #.....#...#
...#$..# #.....#####
######## #######


You could see an orc priest.

Vanquished Creatures
  A centaur warrior (D:7)
  The ghost of izumii3 the Skirmisher, an amateur CeSk (D:4)
  A troll (D:8)
  The ghost of yrara the Cudgeler, an amateur DsFi (D:4)
  2 hippogriffs
  7 yaks (D:8)
  4 hungry ghosts
  2 wargs (D:7)
  The ghost of Morbidden the Shield-Bearer, an amateur FrFi (D:4)
  The ghost of Willy the Grave Robber, an amateur HuNe of Dithmenos (D:4)
  A crocodile (D:6)
  5 orc warriors
  2 ice beasts
  A black bear (D:6)
  A phantom (D:7)
  An ogre (D:7)
  4 centaurs
  3 bullfrogs
  Blork the orc (D:4)
  3 big kobolds (Sewer)
  2 scorpions (D:5)
  4 wights (D:6)
  6 crimson imps
  A centaur zombie (D:5)
  3 bullfrog zombies
  8 orc priests
  2 hounds
  Crazy Yiuf (D:7)
  4 orc wizards
  2 bullfrog skeletons
  3 iguanas
  Terence (D:2)
  A worker ant (D:3)
  A hound zombie (D:7)
  A hound skeleton (D:8)
  A howler monkey zombie (D:6)
  Robin (D:2)
  10 adders
  9 river rats (Sewer)
  4 shadow imps
  An adder zombie (D:5)
  4 adder skeletons
  4 worms
  2 dart slugs
  2 leopard geckos (D:2)
  34 orcs
  5 ball pythons
  7 bats
  2 giant cockroaches
  11 goblins
  14 hobgoblins
  6 jackals
  23 kobolds
  A quokka (D:5)
  4 frilled lizards
  21 rats
249 creatures vanquished.

Vanquished Creatures (others)
  2 withered plants (D:4)
2 creatures vanquished.

Grand Total: 251 creatures vanquished

Notes
Turn   | Place    | Note
-------+----------+-------------------------------------------
     0 | D:1      | KristoblXynda the Draconian Gladiator began the quest for
                  | the Orb.
     0 | D:1      | Reached XP level 1. HP: 19/19 MP: 1/1
   126 | D:1      | Reached XP level 2. HP: 22/26 MP: 2/2
   984 | D:2      | Reached XP level 3. HP: 27/33 MP: 3/3
  1020 | D:2      | Found a shimmering altar of Xom.
  1057 | D:2      | Noticed Terence
  1074 | D:2      | Killed Terence
  1322 | D:2      | Reached skill level 4 in Long Blades
  1322 | D:2      | Reached XP level 4. HP: 39/40 MP: 4/4
  1591 | D:2      | Found a snail-covered altar of Cheibriados.
  1610 | D:2      | Found an ancient bone altar of Kikubaaqudgha.
  1630 | D:2      | Noticed Robin
  1664 | D:2      | Killed Robin
  2366 | D:3      | Found an ornate altar of the Wu Jian Council.
  2436 | D:3      | Reached XP level 5. HP: 46/46 MP: 5/5
  2480 | D:3      | Found an opulent altar of Gozag.
  2811 | D:4      | Reached skill level 5 in Long Blades
  2820 | D:4      | Found a glowing drain.
  2843 | Sewer    | Entered a sewer
  2946 | Sewer    | Reached XP level 6. HP: 48/53 MP: 6/6
  3071 | Sewer    | Reached skill level 5 in Fighting
  3444 | Sewer    | Reached skill level 6 in Long Blades
  3444 | Sewer    | Your scales start taking on a dull iron-grey colour.
  3444 | Sewer    | Reached XP level 7. HP: 47/61 MP: 7/7
  3444 | Sewer    | Gained mutation: You can survive without breathing. [Grey
                  | Draconian growth]
  3795 | D:4      | Found a glowing silver altar of Zin.
  3887 | D:4      | Found a runed translucent gate.
  3888 | D:4      | Found a runed translucent gate.
  3889 | D:4      | Found a runed translucent gate.
  3890 | D:4      | Noticed Morbidden's ghost (amateur FrFi)
  3891 | D:4      | Noticed izumii3's ghost (amateur CeSk)
  3891 | D:4      | Noticed Willy's ghost (amateur HuNe)
  3891 | D:4      | Noticed yrara's ghost (amateur DsFi)
  4142 | D:4      | Noticed Blork the orc
  4555 | D:4      | Killed Blork the orc
  4676 | D:4      | Killed izumii3's ghost
  4677 | D:4      | Reached skill level 7 in Long Blades
  4689 | D:4      | Killed Willy's ghost
  4690 | D:4      | Reached skill level 5 in Dodging
  4690 | D:4      | Reached XP level 8. HP: 50/70 MP: 8/8
  4694 | D:4      | Killed Morbidden's ghost
  4700 | D:4      | Killed yrara's ghost
  4783 | D:5      | Entered Level 5 of the Dungeon
  4858 | D:5      | Found Noclieq's General Store.
  4863 | D:5      | Bought a wand of paralysis (10) for 154 gold pieces
  4921 | D:5      | Reached skill level 8 in Long Blades
  5274 | D:5      | Reached XP level 9. HP: 70/79 MP: 9/9
  5390 | D:5      | Reached skill level 9 in Long Blades
  5453 | D:5      | Found a sparkling altar of Nemelex Xobeh.
  5685 | D:6      | Found Zoixui's Armour Emporium.
  5826 | D:6      | Found a stormy altar of Qazlal.
  6217 | D:6      | Found a white marble altar of Elyvilon.
  6791 | D:7      | Found a staircase to the Ecumenical Temple.
  6809 | D:7      | Reached skill level 10 in Long Blades
  6966 | Temple   | Entered the Ecumenical Temple
  6971 | Temple   | Learned a level 3 spell: Mephitic Cloud
  7019 | Temple   | Became a worshipper of Ashenzari the Shackled
  7151 | D:7      | Found a runed door.
  7314 | D:7      | Reached skill level 1 in Conjurations
  7471 | D:7      | Noticed Crazy Yiuf
  7476 | D:7      | Killed Crazy Yiuf
  7573 | D:7      | Reached XP level 10. HP: 90/90 MP: 10/10
  7581 | D:7      | Found a staircase to the Lair.
  7891 | D:7      | Found a transporter.
  7906 | D:7      | Identified the ring of Segh {rF+ rC+}
  7910 | D:7      | Found a transporter.
  7910 | D:7      | Noticed a centaur warrior
  8075 | D:7      | Found a hide-covered altar of Uskayaw.
  8530 | D:7      | Killed a centaur warrior
  8734 | D:8      | Found a staircase to the Orcish Mines.
  9049 | D:8      | Found a runed door.
  9137 | D:8      | Reached skill level 11 in Long Blades
  9503 | D:8      | Killed from afar by an orc priest

Skill      XL: |  1  2  3  4  5  6  7  8  9 10 |
---------------+-------------------------------+-----
Throwing       | 2 |  2.0
Dodging        | 3 4 5 6 7 8 |  8.2
Long Blades    | 4 5 6 7 8 10 11 | 11.1
Fighting       | 4 5 6 7 8 9 |  9.8
Conjurations   | 1 4 |  4.5

Action                   |  1- 3 |  4- 6 |  7- 9 | 10-12 || total
-------------------------+-------+-------+-------+-------++-------
Melee: Long sword        |    68 |       |       |       ||    68
       Tailslap          |    14 |    27 |    54 |    29 ||   124
       Falchion          |    13 |   258 |   268 |       ||   539
       Unarmed           |       |       |    15 |       ||    15
       Scimitar          |       |       |   146 |   198 ||   344
Invok: Curse Item        |       |       |       |     1 ||     1
Evoke: Wand              |     1 |       |     1 |       ||     2
  Use: Scroll            |       |    10 |     6 |     1 ||    17
       Potion            |       |     3 |     8 |       ||    11
 Stab: Sleeping          |     1 |       |       |       ||     1
  Eat: Chunk             |     3 |    13 |    16 |    22 ||    54
       Ration            |       |       |     3 |     1 ||     4
Armor: Skin              |    11 |    92 |   144 |    51 ||   298
Dodge: Dodged            |    50 |   214 |   226 |   120 ||   610
Block: Other             |     1 |    10 |    18 |    15 ||    44
